 Dungeon Crawl Stone Soup version 0.18.1-48-g4cf74bf (webtiles) character file.

2359 gerofl the Poker (level 9, -2/57 HPs)
             Began as a Gargoyle Fighter on Aug 1, 2016.
             Slain by Gastronok (18 damage)
             ... on level 10 of the Dungeon.
             The game lasted 00:23:54 (6521 turns).

gerofl the Poker (Gargoyle Fighter)                 Turns: 6521, Time: 00:23:54

Health: -2/57      AC: 20    Str: 21    XL:     9   Next: 44%
Magic:  9/9        EV:  6    Int:  8    God:
Gold:   284        SH: 10    Dex: 12    Spells: 0 memorised, 8 levels left

rFire  . . .     SeeInvis .     a - +1 trident
rCold  . . .     Gourm    .     C - +0 chain mail
rNeg   + . .     Faith    .     c - +0 shield
rPois  ∞         Spirit   .     e - +0 helmet
rElec  +         Dismiss  .     (no cloak)
rCorr  .         Reflect  .     (no gloves)
SustAt .         Harm     .     (no boots)
MR     .....                    (no amulet)
Stlth  ..........               y - +3 ring of protection
                                (no ring)

@: about to teleport, not resistant to hostile enchantments, extremely
unstealthy
A: negative energy resistance 1, electricity resistance, unbreathing,
petrification resistance, rot immunity, AC +5
a: no special abilities


You were on level 10 of the Dungeon.
You were not hungry.

You visited 2 branches of the dungeon, and saw 9 of its levels.

You collected 284 gold pieces.


Innate Abilities, Weirdness & Mutations

You are resistant to torment.
Your stone body is resilient (AC +5).
You are immune to poison.
You resist negative energy.
You are resistant to electric shocks.
You can survive without breathing.
You are immune to petrification.
You are immune to rotting.


   Skills:
 + Level 7.0 Fighting
 + Level 7.2 Polearms
 + Level 7.0 Armour
 + Level 6.9 Shields


You had 8 spell levels left.
You didn't know any spells.

Inventory:

Hand Weapons
 a - a +1 trident (weapon)
Missiles
 i - 28 tomahawks (quivered)
 k - 2 javelins of penetration
Armour
 c - a +0 shield (worn)
 e - a +0 helmet (worn)
 C - a +0 chain mail (worn)
Jewellery
 y - a +3 ring of protection (right hand)
Wands
 l - a wand of flame (32/48)
 x - a wand of flame (17/48)
Scrolls
 n - a scroll of amnesia
 p - a scroll of recharging {unknown}
 w - a scroll of blinking
 A - 5 scrolls of remove curse
Potions
 d - a potion of might
 h - 2 potions of heal wounds {@q2}
 j - 4 potions of brilliance
 o - 3 potions of curing {@q1}
 r - a potion of agility {unknown}
 t - 2 potions of haste {@q3}
 u - a potion of mutation {!q}
 v - a potion of ambrosia {unknown}
 z - 3 potions of magic
 B - a potion of lignification {unknown}
Books
 q - a book of Summonings

   Spells                             Type                      Level
   a - Recall                         Summoning/Translocation      3
   b - Aura of Abjuration             Summoning                    5
   c - Summon Demon                   Summoning                    5
   d - Summon Forest                  Summoning/Translocation      5
   e - Summon Mana Viper              Hexes/Summoning              5
   f - Shadow Creatures               Summoning                    6
Comestibles
 b - a slice of pizza
 f - 6 bread rations
 g - 5 meat rations
 s - a chunk of flesh

Dungeon Overview and Level Annotations

Branches:
Dungeon (7/15)             Temple (1/1) D:4

Altars:
Ashenzari
Cheibriados
Elyvilon
Fedhas
Gozag
Kikubaaqudgha
Makhleb
Qazlal
Sif Muna
Trog
Vehumet
Xom
Zin
Lugonu

Annotations:
D:4 Heedrag's ghost, amateur DECj
D:10 Gastronok

▒...▒▒....▒▒
▒......!....
▒..£........
▒...........
▒.▒....... ▒.▒▒...▒
▒Z▒▒.b.▒▒▒▒▒▒ ...▒
▒.▒b..▒▒....▒ ▒...
▒.▒Z8.▒▒....▒▒▒▒...▒▒
▒..rw▒▒....▒▒..▒▒...▒
▒..r.▒▒....▒▒..▒▒...▒
▒...▒▒....▒▒....▒▒...
▒▒..▒▒....▒▒....▒▒...
▒...▒▒........▒▒...5
▒...▒▒....÷...▒▒....
▒▒...▒▒......▒▒.....
▒...▒▒......▒▒....▒


You could see Gastronok, a river rat, a hound zombie, a quokka and 2 bats.


Message History

You block the bat's attack. x2
The hound zombie bites you but does no damage.
The quokka bites you but does no damage.
You hit Gastronok.
Gastronok is lightly wounded.
The bat barely misses you. You block the hound zombie's attack.
You block the quokka's attack.
Gastronok chants a spell, wobbling all the while.
The hound zombie barely misses you.
You hit Gastronok.
Gastronok is lightly wounded.
The bat hits you but does no damage. The bat closely misses you.
You block the quokka's attack. The hound zombie barely misses you.
The river rat bites you but does no damage.
You hit Gastronok but do no damage.
Gastronok is lightly wounded.
The bat closely misses you. You block the bat's attack.
The quokka bites you but does no damage.
The bat hits you but does no damage. The hound zombie bites you.
The bat hits you but does no damage. Gastronok bites you!!
* * * LOW HITPOINT WARNING * * *
Read which item? (? for menu, Esc to quit)
As you read the scroll of teleportation {@r4}, it crumbles to dust.
You feel strangely unstable. You block the bat's attack.
The bat hits you but does no damage. You block the bat's attack.
You block the quokka's attack. The river rat barely misses you.
You block the hound zombie's attack. The quokka completely misses you.
You block the bat's attack. The bat hits you but does no damage.
You block the bat's attack. Gastronok bites you!!
You die...

Action                   |  1- 3 |  4- 6 |  7- 9 || total
-------------------------+-------+-------+-------++-------
Melee: Trident           |   130 |   248 |   314 ||   692
Throw: Tomahawk          |       |     4 |       ||     4
  Use: Scroll            |       |     8 |    11 ||    19
       Potion            |       |       |     2 ||     2
  Eat: Chunk             |     2 |     8 |     9 ||    19
Armor: Scale mail        |    55 |   100 |    77 ||   232
       Chain mail        |       |       |    45 ||    45
       Skin              |       |       |     1 ||     1
Dodge: Dodged            |    26 |    64 |    57 ||   147
Block: Shield            |    50 |   110 |   126 ||   286

Vault maps used:
D:1:      eino_arrival_druids_welcome
D:2:      lemuel_upstairs_altar, first_bread
D:3:      grunt_temple_overflow_diamond, uniq_robin, uniq_terence
D:4:      zin_academy, temple_doors_c
D:6:      vehumet_altar_wand_db, lemuel_doored_altar, minmay_misc_feat_columns,
          minmay_misc_feat_x, ashenzari_altar_1
D:7:      kennysheep_mini, okawaru_humans, grunt_dithmenos_shadows,
          hangedman_decor_riveting, uniq_menkaure, uniq_crazy_yiuf_cottage,
          uniq_pikel
D:10:     hangedman_fish_farm, nicolae_two_hexagons, uniq_gastronok
Temple:   corrupted_temple

Notes
Turn   | Place    | Note
--------------------------------------------------------------
     0 | D:1      | gerofl the Gargoyle Fighter began the quest for the Orb.
     0 | D:1      | Reached XP level 1. HP: 14/14 MP: 1/1
   157 | D:1      | Reached XP level 2. HP: 19/19 MP: 2/2
   255 | D:1      | Reached skill level 2 in Polearms
   677 | D:2      | Reached XP level 3. HP: 13/23 MP: 3/3
  1567 | D:3      | Reached skill level 3 in Polearms
  1623 | D:3      | Noticed Terence
  1636 | D:3      | Killed Terence
  1636 | D:3      | Reached XP level 4. HP: 28/28 MP: 4/4
  1642 | D:3      | Found a stormy altar of Qazlal.
  1645 | D:3      | Found an ancient bone altar of Kikubaaqudgha.
  1648 | D:3      | Found a burning altar of Makhleb.
  1943 | D:3      | Reached skill level 4 in Polearms
  1971 | D:3      | Reached XP level 5. HP: 20/32 MP: 5/5
  2606 | D:3      | Noticed Robin
  2620 | D:3      | Killed Robin
  2803 | D:4      | Noticed Heedrag's ghost (amateur DECj)
  2822 | D:4      | Reached skill level 5 in Polearms
  2963 | D:4      | Reached XP level 6. HP: 36/37 MP: 6/6
  2985 | D:4      | Found a staircase to the Ecumenical Temple.
  2990 | Temple   | Entered the Ecumenical Temple
  3377 | D:4      | Noticed a phantom
  3525 | D:4      | Found a glowing silver altar of Zin.
  3597 | D:4      | Reached skill level 4 in Armour
  3847 | D:5      | Entered Level 5 of the Dungeon
  3847 | D:5      | Noticed an ice beast
  3950 | D:4      | Reached skill level 4 in Fighting
  3997 | D:5      | Reached XP level 7. HP: 43/43 MP: 7/7
  4004 | D:5      | Reached skill level 4 in Shields
  4349 | D:5      | Reached skill level 6 in Polearms
  4442 | D:5      | Reached skill level 5 in Armour
  4733 | D:6      | Found a blossoming altar of Fedhas.
  4823 | D:6      | Reached skill level 5 in Fighting
  4823 | D:6      | Reached XP level 8. HP: 49/49 MP: 8/8
  4889 | D:6      | Reached skill level 5 in Shields
  5647 | D:6      | Found a shattered altar of Ashenzari.
  5772 | D:6      | Found a radiant altar of Vehumet.
  6073 | D:7      | Noticed Menkaure
  6086 | D:7      | Killed Menkaure
  6086 | D:7      | Reached skill level 6 in Fighting
  6086 | D:7      | Reached skill level 6 in Armour
  6314 | D:7      | You fall through a shaft for 3 floors!
  6314 | D:10     | Entered Level 10 of the Dungeon
  6340 | D:10     | Noticed dvd's ghost (journeyman GrGl)
  6374 | D:10     | Killed dvd's ghost
  6374 | D:10     | Reached skill level 7 in Polearms
  6374 | D:10     | Reached skill level 6 in Shields
  6374 | D:10     | Reached XP level 9. HP: 54/56 MP: 9/9
  6458 | D:10     | Reached skill level 7 in Armour
  6468 | D:10     | Reached skill level 7 in Fighting
  6491 | D:10     | Noticed Gastronok
  6521 | D:10     | Slain by Gastronok

Vanquished Creatures
  The ghost of dvd the Nimble, a journeyman GrGl of Qazlal (D:10)
  Menkaure (D:7)
  2 ice beasts (D:5)
  An ogre (D:4)
  3 phantoms
  A giant frog (D:10)
  A scorpion (D:4)
  3 howler monkeys
  3 wights (D:6)
  A crimson imp (D:10)
  2 hounds
  6 orc priests
  3 orc wizards
  Terence (D:3)
  An iguana (D:3)
  4 worker ants
  A hound zombie (D:3)
  Robin (D:3)
  3 gnolls (D:6)
  8 adders
  A shadow imp (D:4)
  5 worms
  A dart slug (D:1)
  2 giant geckos
  9 orcs
  3 ball pythons
  3 bats
  5 giant cockroaches
  12 goblins
  5 hobgoblins
  15 jackals
  2 quokkas
  A giant gecko zombie (D:6)
  6 giant newts
  5 kobolds
  3 rats
125 creatures vanquished.
